TOP OF THE 1ST |
Dunedin Blue Jays batting - Pitching for Cocoa Flyers : RHP Vicente Prieto
|
Pitching: RHP Vicente Prieto
|
|
Batting: SHB Dave Owen
|
0-0: Ball 1-0: Fly out, F3 (Popup, 34, EV 56.9 MPH)
|
Batting: RHB Jose Canseco
|
0-0: Called Strike 0-1: Ball 1-1: Ball 2-1: Called Strike 2-2: Ball 3-2: Strikes out swinging
|
Batting: RHB Dale Berra
|
0-0: Called Strike 0-1: Foul Ball, location: 2F 0-2: Strikes out looking
|
Top of the 1st over - 0 runs, 0 hits, 0 errors, 0 left on base; Dunedin 0 - Cocoa 0 |
BOTTOM OF THE 1ST |
Cocoa Flyers batting - Pitching for Dunedin Blue Jays : RHP Bengie Biggus
|
Pitching: RHP Bengie Biggus
|
|
Batting: LHB Mike Jones
|
0-0: Foul Ball, location: 2F 0-1: Ball 1-1: Bunt - Flyout to 23! F3
|
Batting: LHB Gary Robertson
|
0-0: Ball 1-0: Ball 2-0: Swinging Strike 2-1: DOUBLE (Line Drive, 9LM, EV 112.5 MPH)
|
Batting: LHB Shanie Dugas
|
0-0: Ball 1-0: Called Strike 1-1: Ball 2-1: Ball 3-1: Called Strike 3-2: Fly out, F9 (Flyball, 9, EV 78.8 MPH)
|
Batting: RHB Larry McNutt
|
0-0: Called Strike 0-1: Reached on error, E5 (Groundball, 5, EV 108.8 MPH) Gary Robertson scores
|
Batting: RHB Danny Arroyo
|
0-0: Fly out, F8 (Flyball, 8RM, EV 98.1 MPH)
|
Bottom of the 1st over - 1 run, 1 hit, 1 error, 1 left on base; Dunedin 0 - Cocoa 1 |
TOP OF THE 2ND |
Dunedin Blue Jays batting - Pitching for Cocoa Flyers : RHP Vicente Prieto
|
Batting: LHB Monte McAbee
|
0-0: Swinging Strike 0-1: Foul Ball, location: 2F 0-2: Foul Ball, location: 2F 0-2: Ball 1-2: Ball 2-2: Fly out, F7 (Flyball, 7D, EV 75.0 MPH)
|
Batting: RHB Robert Costantine
|
0-0: Called Strike 0-1: Foul Ball, location: 2F 0-2: Foul Ball, location: 2F 0-2: Strikes out swinging
|
Batting: RHB David Hall
|
0-0: Ball 1-0: SINGLE (Line Drive, 6MD, EV 94.4 MPH)
|
Batting: RHB Eugene Pallavicini
|
0-0: Ball 1-0: Ball 2-0: Foul Ball, location: 2F 2-1: Ball 3-1: Called Strike 3-2: Ground out 6-3 (Groundball, 56, EV 75.6 MPH)
|
Top of the 2nd over - 0 runs, 1 hit, 0 errors, 1 left on base; Dunedin 0 - Cocoa 1 |
BOTTOM OF THE 2ND |
Cocoa Flyers batting - Pitching for Dunedin Blue Jays : RHP Bengie Biggus
|
Batting: LHB Clint Hurdle
|
0-0: Ball 1-0: Ground out 4-3 (Groundball, 4, EV 76.9 MPH)
|
Batting: RHB Lorenzo Quintanilla
|
0-0: Called Strike 0-1: Ball 1-1: Called Strike 1-2: Ball 2-2: Ground out 4-3 (Groundball, 4, EV 103.1 MPH)
|
Batting: RHB Miguel Dominguez
|
0-0: Ball 1-0: Foul Ball, location: 2F 1-1: Called Strike 1-2: Ground out 1-3 (Groundball, 13S, EV 71.9 MPH)
|
Bottom of the 2nd over - 0 runs, 0 hits, 0 errors, 0 left on base; Dunedin 0 - Cocoa 1 |
TOP OF THE 3RD |
Dunedin Blue Jays batting - Pitching for Cocoa Flyers : RHP Vicente Prieto
|
Batting: RHB Alex Taveras
|
0-0: Fly out, F8 (Line Drive, 8LD, EV 87.5 MPH)
|
Batting: RHB Dann Bilardello
|
0-0: Ball 1-0: Fly out, F3 (Flyball, 3D, EV 93.1 MPH)
|
Batting: SHB Dave Owen
|
0-0: Called Strike 0-1: Fly out, F6 (Popup, 6M, EV 62.5 MPH)
|
Top of the 3rd over - 0 runs, 0 hits, 0 errors, 0 left on base; Dunedin 0 - Cocoa 1 |
BOTTOM OF THE 3RD |
Cocoa Flyers batting - Pitching for Dunedin Blue Jays : RHP Bengie Biggus
|
Batting: RHB Jorge Diaz
|
0-0: Fly out, F9 (Flyball, 9, EV 85.6 MPH)
|
Batting: LHB Mike Jones
|
0-0: Foul Ball, location: 2F 0-1: Ground out 4-3 (Groundball, 4S, EV 81.3 MPH)
|
Batting: LHB Gary Robertson
|
0-0: Ball 1-0: Ball 2-0: SOLO HOME RUN (Flyball, 9D, EV 105.6 MPH), Distance : 356 ft
|
Batting: LHB Shanie Dugas
|
0-0: Called Strike 0-1: Ball 1-1: Fly out, F8 (Flyball, 89S, EV 80.0 MPH)
|
Bottom of the 3rd over - 1 run, 1 hit, 0 errors, 0 left on base; Dunedin 0 - Cocoa 2 |
TOP OF THE 4TH |
Dunedin Blue Jays batting - Pitching for Cocoa Flyers : RHP Vicente Prieto
|
Batting: RHB Jose Canseco
|
0-0: Foul Ball, location: 2F 0-1: Foul Ball, location: 2F 0-2: Foul Ball, location: 2F 0-2: Strikes out swinging
|
Batting: RHB Dale Berra
|
0-0: SINGLE (Groundball, 34D, EV 105.6 MPH)
|
Batting: LHB Monte McAbee
|
0-0: Called Strike Dale Berra steals 2nd base (no throw) 0-1: Foul Ball, location: 2F 0-2: Ball 1-2: Ball 2-2: Fly out, F7 (Flyball, 78D, EV 105.0 MPH)
|
Batting: RHB Robert Costantine
|
0-0: Foul Ball, location: 2F 0-1: Ball 1-1: Foul Ball, location: 2F 1-2: Strikes out looking
|
Top of the 4th over - 0 runs, 1 hit, 0 errors, 1 left on base; Dunedin 0 - Cocoa 2 |
BOTTOM OF THE 4TH |
Cocoa Flyers batting - Pitching for Dunedin Blue Jays : RHP Bengie Biggus
|
Batting: RHB Larry McNutt
|
0-0: Called Strike 0-1: SINGLE (Line Drive, 5D, EV 95.6 MPH)
|
Batting: RHB Danny Arroyo
|
0-0: Ball 1-0: Ball 2-0: Swinging Strike 2-1: Ball 3-1: Called Strike 3-2: Fly out, F8 (Line Drive, 8RM, EV 90.6 MPH)
|
Batting: LHB Clint Hurdle
|
0-0: Called Strike 0-1: Ball 1-1: Foul Ball, location: 2F 1-2: Ball 2-2: Fly out, F9 (Flyball, 89M, EV 84.4 MPH)
|
Batting: RHB Lorenzo Quintanilla
|
0-0: Called Strike 0-1: Ball 1-1: Ball 2-1: Fielders Choice at 2nd, 6-4 (Groundball, 56, EV 87.5 MPH)
|
Bottom of the 4th over - 0 runs, 1 hit, 0 errors, 1 left on base; Dunedin 0 - Cocoa 2 |
TOP OF THE 5TH |
Dunedin Blue Jays batting - Pitching for Cocoa Flyers : RHP Vicente Prieto
|
Batting: RHB David Hall
|
0-0: Ball 1-0: Foul Ball, location: 2F 1-1: Ball 2-1: Ball 3-1: Called Strike 3-2: Base on Balls
|
Batting: RHB Eugene Pallavicini
|
0-0: Fly out, F9 (Flyball, 9LS, EV 90.0 MPH)
|
Batting: RHB Alex Taveras
|
0-0: Ball 1-0: Grounds into double play, 4-6-3 (Groundball, 4, EV 81.3 MPH)
|
Top of the 5th over - 0 runs, 0 hits, 0 errors, 0 left on base; Dunedin 0 - Cocoa 2 |
BOTTOM OF THE 5TH |
Cocoa Flyers batting - Pitching for Dunedin Blue Jays : RHP Bengie Biggus
|
Batting: RHB Miguel Dominguez
|
0-0: Called Strike 0-1: Ground out 4-3 (Groundball, 4S, EV 71.9 MPH)
|
Batting: RHB Jorge Diaz
|
0-0: Called Strike 0-1: Called Strike 0-2: Fly out, F8 (Line Drive, 8RM, EV 101.9 MPH)
|
Batting: LHB Mike Jones
|
0-0: Ball 1-0: Fly out, F8 (Flyball, 8RXD, EV 88.8 MPH)
|
Bottom of the 5th over - 0 runs, 0 hits, 0 errors, 0 left on base; Dunedin 0 - Cocoa 2 |
TOP OF THE 6TH |
Dunedin Blue Jays batting - Pitching for Cocoa Flyers : RHP Vicente Prieto
|
Batting: RHB Dann Bilardello
|
0-0: Ball 1-0: SOLO HOME RUN (Flyball, 7D, EV 91.9 MPH), Distance : 382 ft
|
Batting: SHB Dave Owen
|
0-0: Called Strike 0-1: Fly out, F9 (Line Drive, 9D, EV 98.1 MPH)
|
Batting: RHB Jose Canseco
|
0-0: Ball 1-0: Ball 2-0: Fly out, F9 (Flyball, 89XD, EV 96.9 MPH)
|
Batting: RHB Dale Berra
|
0-0: Called Strike 0-1: SINGLE (Flyball, 3D, EV 96.9 MPH)
|
Batting: LHB Monte McAbee
|
0-0: Called Strike 0-1: Ground out 4-3 (Groundball, 4, EV 88.8 MPH)
|
Top of the 6th over - 1 run, 2 hits, 0 errors, 1 left on base; Dunedin 1 - Cocoa 2 |
BOTTOM OF THE 6TH |
Cocoa Flyers batting - Pitching for Dunedin Blue Jays : RHP Bengie Biggus
|
Batting: LHB Gary Robertson
|
0-0: Ball 1-0: Called Strike 1-1: Fly out, F8 (Flyball, 8LS, EV 85.0 MPH)
|
Batting: LHB Shanie Dugas
|
0-0: Called Strike 0-1: Ball 1-1: SINGLE (Line Drive, 6MD, EV 96.3 MPH)
|
Batting: RHB Larry McNutt
|
0-0: Fly out, F8 (Line Drive, 8LD, EV 90.6 MPH)
|
Batting: RHB Danny Arroyo
|
0-0: DOUBLE (Line Drive, 9LM, EV 103.8 MPH) Shanie Dugas to third Runner from 3rd tries for Home, throw by RF and OUT! 9-4-2
|
Bottom of the 6th over - 0 runs, 2 hits, 0 errors, 1 left on base; Dunedin 1 - Cocoa 2 |
TOP OF THE 7TH |
Dunedin Blue Jays batting - Pitching for Cocoa Flyers : RHP Vicente Prieto
|
Batting: RHB Robert Costantine
|
0-0: SINGLE (Groundball, 6D, EV 98.1 MPH)
|
Pinch Runner at 1st Gary Fulton:
|
|
Batting: RHB David Hall
|
0-0: Ball 1-0: Fly out, F8 (Line Drive, 8LM, EV 105.6 MPH)
|
Batting: RHB Eugene Pallavicini
|
0-0: Called Strike Gary Fulton steals 2nd base 0-1: Called Strike 0-2: Foul Ball, location: 2F 0-2: Ground out 5-3 (Groundball, 56, EV 91.3 MPH)
|
Batting: RHB Alex Taveras
|
0-0: Ball 1-0: Ball 2-0: Called Strike 2-1: Ball 3-1: Called Strike 3-2: SINGLE (Line Drive, 6D, EV 96.9 MPH) Gary Fulton to third Gary Fulton scores
|
Batting: RHB Dann Bilardello
|
0-0: Ball 1-0: Ball Alex Taveras is caught stealing 2nd base 2-4
|
Top of the 7th over - 1 run, 2 hits, 0 errors, 0 left on base; Dunedin 2 - Cocoa 2 |
BOTTOM OF THE 7TH |
Cocoa Flyers batting - Pitching for Dunedin Blue Jays : RHP Bengie Biggus
|
Now at 1B: Wil Culmer
|
|
Batting: LHB Clint Hurdle
|
0-0: Ball 1-0: Called Strike 1-1: Fly out, F4 (Popup, 4S, EV 76.3 MPH)
|
Batting: RHB Lorenzo Quintanilla
|
0-0: Foul Ball, location: 2F 0-1: Ground out 4-3 (Groundball, 4MS, EV 92.5 MPH)
|
Batting: RHB Miguel Dominguez
|
0-0: Called Strike 0-1: Ground out 4-3 (Groundball, 34, EV 86.9 MPH)
|
Bottom of the 7th over - 0 runs, 0 hits, 0 errors, 0 left on base; Dunedin 2 - Cocoa 2 |
TOP OF THE 8TH |
Dunedin Blue Jays batting - Pitching for Cocoa Flyers : RHP Vicente Prieto
|
Batting: RHB Dann Bilardello
|
0-0: Ball 1-0: Called Strike 1-1: Foul Ball, location: 2F 1-2: Ball 2-2: Fly out, F7 (Flyball, 78XD, EV 98.8 MPH)
|
Batting: SHB Dave Owen
|
0-0: Called Strike 0-1: Called Strike 0-2: Ball 1-2: Fly out, F8 (Line Drive, 8LD, EV 85.6 MPH)
|
Batting: RHB Jose Canseco
|
0-0: Ball 1-0: SOLO HOME RUN (Flyball, 9D, EV 104.4 MPH), Distance : 369 ft
|
Batting: RHB Dale Berra
|
0-0: Ball 1-0: Fly out, F3 (Popup, 3SF, EV 56.9 MPH)
|
Top of the 8th over - 1 run, 1 hit, 0 errors, 0 left on base; Dunedin 3 - Cocoa 2 |
BOTTOM OF THE 8TH |
Cocoa Flyers batting - Pitching for Dunedin Blue Jays : RHP Bengie Biggus
|
Batting: RHB Jorge Diaz
|
0-0: Swinging Strike 0-1: Ball 1-1: Fly out, F9 (Flyball, 9S, EV 92.5 MPH)
|
Batting: LHB Mike Jones
|
0-0: Ball 1-0: SINGLE (Line Drive, 56D, EV 96.9 MPH)
|
Batting: LHB Gary Robertson
|
0-0: Called Strike 0-1: Fly out, F8 (Flyball, 8LS, EV 75.0 MPH)
|
Batting: LHB Shanie Dugas
|
0-0: Called Strike 0-1: Fly out, F2 (Popup, 23F, EV 88.1 MPH)
|
Bottom of the 8th over - 0 runs, 1 hit, 0 errors, 1 left on base; Dunedin 3 - Cocoa 2 |
TOP OF THE 9TH |
Dunedin Blue Jays batting - Pitching for Cocoa Flyers : RHP Vicente Prieto
|
Pitching: RHP Jeffery Vail
|
|
Batting: LHB Monte McAbee
|
0-0: Ball 1-0: Ball 2-0: Foul Ball, location: 2F 2-1: Foul Ball, location: 2F 2-2: Fly out, F7 (Line Drive, 7, EV 85.0 MPH)
|
Batting: RHB Wil Culmer
|
0-0: Foul Ball, location: 2F 0-1: Foul Ball, location: 2F 0-2: Foul Ball, location: 2F 0-2: Foul Ball, location: 2F 0-2: Ball 1-2: Strikes out looking
|
Batting: RHB David Hall
|
0-0: Ground out 5-3 (Groundball, 56, EV 85.6 MPH)
|
Top of the 9th over - 0 runs, 0 hits, 0 errors, 0 left on base; Dunedin 3 - Cocoa 2 |
BOTTOM OF THE 9TH |
Cocoa Flyers batting - Pitching for Dunedin Blue Jays : RHP Bengie Biggus
|
Pitching: LHP Carlos A Diaz
|
|
Batting: RHB Larry McNutt
|
0-0: Swinging Strike 0-1: Called Strike 0-2: Strikes out swinging
|
Batting: RHB Danny Arroyo
|
0-0: Ball 1-0: Foul Ball, location: 2F 1-1: Ball 2-1: Called Strike 2-2: Fly out, F8 (Flyball, 89D, EV 101.9 MPH)
|
Pinch Hitting: RHB Charles Fick
|
0-0: Ball 1-0: Ball 2-0: Foul Ball, location: 2F 2-1: Ball 3-1: Reached on error, E6 (Groundball, 6, EV 83.1 MPH)
|
Batting: RHB Lorenzo Quintanilla
|
0-0: Called Strike 0-1: Foul Ball, location: 2F 0-2: Ground out 4-3 (Groundball, 4, EV 101.3 MPH)
|
Bottom of the 9th over - 0 runs, 0 hits, 1 error, 1 left on base; Dunedin 3 - Cocoa 2 |
|